 Dungeon Crawl Stone Soup version 0.28.0-43-g3370ac3207 (webtiles) character file.

Game seed: 12241408328139189092

3860 hehateme the Fighter (level 10, -5/66 HPs)
             Began as a Gargoyle Earth Elementalist on Mar 29, 2022.
             Was a Follower of Vehumet.
             Killed from afar by a fire dragon (17 damage)
             ... with a blast of flame
             ... on level 8 of the Dungeon.
             The game lasted 00:22:55 (12939 turns).

hehateme the Fighter (Gargoyle Earth Elementalist) Turns: 12939, Time: 00:22:56

Health: -5/66      AC: 17    Str: 15    XL:     10   Next: 18%
Magic:  19/19      EV: 15    Int: 17    God:    Vehumet [*.....]
Gold:   253        SH:  0    Dex: 10    Spells: 14/21 levels left

rFire   . . .      SeeInvis .   x - +2 dagger (venom)
rCold   + . .      Faith    .   (no shield)
rNeg    + . .      Spirit   .   F - +1 acid dragon scales
rPois   ∞          Reflect  .   (no helmet)
rElec   +          Harm     .   (no cloak)
rCorr   +          Rampage  .   g - +0 pair of gloves
Will    .....                   (no boots)
Stlth   +.........              (no amulet)
HPRegen 0.21/turn               I - ring of protection from cold
MPRegen 0.16/turn               m - +4 ring of evasion

@: weak-willed, on berserk cooldown, slowed, very slow
A: sickness immunity, AC +7, negative energy resistance 1, electricity
resistance, torment resistance 1, petrification resistance
a: Renounce Religion


You were on level 8 of the Dungeon.
You worshipped Vehumet.
Vehumet was aware of your devotion.
You visited 2 branches of the dungeon, and saw 9 of its levels.

You collected 275 gold pieces.
You spent 22 gold pieces at shops.

Inventory:

Hand Weapons
 d - a +0 whip of draining
 k - a +0 hunting sling
 x - a +2 dagger of venom (weapon)
 K - a +1 vampiric war axe
Missiles
 i - 5 silver javelins
 j - 38 sling bullets
 o - 157 arrows
 y - 3 silver boomerangs
 B - 7 boomerangs
 G - 5 atropa-tipped darts
 H - 2 poisoned darts
 Q - 179 stones (quivered)
Armour
 b - a +0 robe
 g - a +0 pair of gloves (worn)
 h - a +0 chain mail
 t - the +2 robe of the Blessed Realm {Int+4 Dex+3}
   (You found it on level 4 of the Dungeon)

   Int:       It affects your intelligence (+4).
   Dex:       It affects your dexterity (+3).
 w - a +0 helmet
 F - +1 acid dragon scales (worn)
 J - a +0 cloak
Jewellery
 m - a +4 ring of evasion (right hand)
 n - a +4 ring of evasion
 I - a ring of protection from cold (left hand)
 W - a ring of wizardry {Wiz+}
Wands
 f - a wand of flame (13)
 p - a wand of acid (6)
 E - a wand of polymorph (21)
Scrolls
 a - a scroll of magic mapping {!r}
 e - 2 scrolls of enchant weapon
 l - a scroll of immolation {!r}
Potions
 c - 2 potions of attraction {!q}
 q - a potion of ambrosia {unknown}
 r - 3 potions of mutation {!q}
 C - a potion of brilliance


   Skills:
 + Level 9.0 Fighting
 * Level 0.0 Axes
 - Level 7.8 Armour
 - Level 1.5 Dodging
 - Level 2.1 Stealth
 - Level 6.0 Spellcasting
 - Level 0.7 Transmutations
 + Level 7.1 Earth Magic
 - Level 4.0 Evocations


You had 14 spell levels left.
You knew the following spells:

 Your Spells              Type           Power      Damage    Failure   Level
a - Sandblast             Erth           58%        2d13      1%          1
b - Foxfire               Conj/Fire      20%        2x1d5     17%         1
w - Passwall              Tmut/Erth      15%        N/A       4%          2
x - Stone Arrow           Conj/Erth      34%        3d9       12%         3

Your spell library contained the following spells:

 Spells                   Type           Power      Damage    Failure   Level
 Animate Skeleton         Necr           10%        N/A       17%         1
 Apportation              Tloc           10%        N/A       17%         1
 Summon Small Mammal      Summ           20%        N/A       17%         1
 Petrify                  Tmut/Erth      18%        N/A       32%         4
 Portal Projectile        Hex/Tloc       10%        N/A       45%         3
 Blade Hands              Tmut           3%         N/A       98%         5
 Excruciating Wounds      Necr           2%         N/A       99%         5


Dungeon Overview and Level Annotations

Branches:
Dungeon (8/15)             Temple (1/1) D:6            Lair (0/6) D:8

Altars:
Ashenzari
Dithmenos
Fedhas
Gozag
Kikubaaqudgha
Makhleb
Nemelex Xobeh
Okawaru
Qazlal
Ru
Sif Muna
Trog
Uskayaw
Vehumet
Wu Jian
Xom
Yredelemnul

Shops:
D:2 ?

Annotations:
D:2 exclusion: downstairs
D:3 exclusion: downstairs
D:4 3 runed translucent doors, exclusion: downstairs, JuniperTheExplorer's ghost, amateur OpVM; croobank's ghost, amateur DgFE; demenzo's ghost, amateur TeGl; reversiblehash's ghost, novice GnFi
D:5 4 runed translucent doors, exclusion: jelly
D:6 exclusion: steam dragon
D:7 exclusions: downstairs and skeleton


Innate Abilities, Weirdness & Mutations

You are immune to sickness and miasma.
Your stone body is resilient. (AC +7)
You are immune to poison.
You resist negative energy. (rN+)
You are resistant to electric shocks. (rElec)
You are resistant to unholy torment.
You are immune to petrification.


Message History

You take 18 damage, and have 48/66 hp.
GAME OVER YEAH!!
As you read the scroll labelled RUOSAJ IKAJA, it crumbles to dust.
It is a scroll of enchant armour.
Your +0 acid dragon scales glow green for a moment.
As you read the scroll labelled WAAPEU BESHRAN, it crumbles to dust.
Magic quickly surges around you.
It was a scroll of vulnerability.
The fire dragon bites you but does no damage.
The fire dragon claws you but does no damage.
The fire dragon tramples you but does no damage.
Really quaff
A - a potion of berserk rage {!q}? [Y]es or [N]o only, please.
Really quaff
A - a potion of berserk rage {!q}?
A red film seems to cover your vision as you go berserk!
You feel yourself moving faster!
You feel mighty! The fire dragon barely misses you. The fire dragon claws you.
The fire dragon completely misses you.
You now have 71/99 hp.
You feel a strong urge to attack something.
You feel your anger nearly subside.
You are no longer berserk.
You are exhausted.
You feel yourself slow down.
You now have 48/66 hp.
The fire dragon breathes flames at you. The blast of flame hits you!!
* * * LOW HITPOINT WARNING * * *
You take 32 damage, and have 16/66 hp.
GAME OVER YEAH!!
The fire dragon breathes flames at you. The blast of flame misses you.
The fire dragon completely misses you.
The fire dragon claws you but does no damage.
The fire dragon tramples you!
* * * LOW HITPOINT WARNING * * *
You hold your ground!
You take 7 damage, and have 11/66 hp.
The fire dragon breathes flames at you. The blast of flame hits you!
You die...

.............)...#.#.#####.#.#...
##################.#.......#.+...
........# #.###########...
#######.# #...............
......#.####################.....
......#.#..................#.....
.###..#.#.################.#.....
.# #..#.#.#.#######.# #.#..... .#
#..#.#.#.....@D..# #.#....) .#
#..#.#.#.#######.# #.#.....
.###..#.#.#.#######.# #.#.....
.#........#.....<##.# #.#.....
.####.#.###########.######.#.####
.# #<#....................#.####
.#################..######.....##
........,................#.#.#.##
.##############.....####.#.#.#.##

Skill      XL: |  1  2  3  4  5  6  7  8  9 10 |
---------------+-------------------------------+-----
Earth Magic    | 4 5 6 7 |  7.1
Fighting       | 1 2 3 4 5 6 8 9 |  9.0
Spellcasting   | 3 5 6 |  6.0
Evocations     | 3 4 |  4.0
Armour         | 7 |  7.8
Dodging        | |  1.5
Stealth        | |  2.1
Transmutations | |  0.7

Notes
Turn   | Place    | Note
-------+----------+-------------------------------------------
     0 | D:1      | hehateme the Gargoyle Earth Elementalist began the quest
                  | for the Orb.
     0 | D:1      | Reached XP level 1. HP: 10/10 MP: 3/3
   255 | D:1      | Reached skill level 4 in Earth Magic
   267 | D:1      | Found a faded altar of an unknown god.
   279 | D:1      | Reached XP level 2. HP: 16/16 MP: 5/5
   354 | D:1      | Reached skill level 1 in Fighting
   592 | D:1      | HP: 4/16 [hobgoblin (2)]
  1154 | D:1      | Reached XP level 3. HP: 19/20 MP: 6/6
  2013 | D:2      | Reached skill level 5 in Earth Magic
  2368 | D:2      | Found Hoosor's Magic Scroll Boutique.
  2432 | D:2      | You fall into a shaft and drop 1 floor!
  2463 | D:3      | Reached XP level 4. HP: 26/26 MP: 7/7
  2469 | D:3      | Reached skill level 2 in Fighting
  2709 | D:3      | Noticed an ice beast
  2807 | D:2      | Bought a scroll of identify for 22 gold pieces
  3236 | D:2      | Learned a level 3 spell: Stone Arrow
  3446 | D:3      | Noticed Ijyb
  3468 | D:3      | Killed Ijyb
  3469 | D:3      | Reached XP level 5. HP: 27/31 MP: 8/8
  3560 | D:3      | Reached skill level 6 in Earth Magic
  3936 | D:4      | HP: 3/31 [acid (10)]
  4475 | D:3      | Reached skill level 3 in Fighting
  4674 | D:4      | Found a runed translucent gate.
  4675 | D:4      | Found a runed translucent gate.
  4677 | D:4      | Found a runed translucent gate.
  4678 | D:4      | Noticed JuniperTheExplorer's ghost (amateur OpVM)
  4678 | D:4      | Noticed croobank's ghost (amateur DgFE)
  4809 | D:4      | Identified the +2 robe of the Blessed Realm {Int+4 Dex+3}
  4991 | D:4      | Noticed demenzo's ghost (amateur TeGl)
  4992 | D:4      | Noticed reversiblehash's ghost (novice GnFi)
  5225 | D:5      | Entered Level 5 of the Dungeon
  5231 | D:5      | Reached XP level 6. HP: 35/37 MP: 9/9
  5381 | D:5      | Reached skill level 7 in Earth Magic
  5954 | D:5      | Reached skill level 4 in Fighting
  5954 | D:5      | Reached skill level 3 in Spellcasting
  6056 | D:5      | Reached XP level 7. HP: 43/43 MP: 4/12
  6366 | D:5      | Found a large runed translucent door.
  6405 | D:5      | Found a large runed translucent door.
  6406 | D:5      | Found a large runed translucent door.
  6460 | D:5      | Noticed a troll
  6468 | D:5      | Found a large runed translucent door.
  6495 | D:5      | Reached skill level 4 in Spellcasting
  7003 | D:6      | Reached skill level 5 in Fighting
  7097 | D:6      | Noticed Prince Ribbit
  7286 | D:5      | Reached skill level 5 in Spellcasting
  7286 | D:5      | Reached XP level 8. HP: 47/49 MP: 3/15
  7418 | D:5      | Killed Prince Ribbit
  7548 | D:6      | Reached skill level 6 in Spellcasting
  7663 | D:6      | Reached skill level 6 in Fighting
  7663 | D:6      | Reached skill level 1 in Evocations
  7816 | D:6      | Reached skill level 2 in Evocations
  8144 | D:6      | Found a staircase to the Ecumenical Temple.
  8157 | Temple   | Entered the Ecumenical Temple
  8292 | Temple   | Became a worshipper of Vehumet
  8320 | D:6      | Reached skill level 3 in Evocations
  8612 | D:6      | Reached XP level 9. HP: 46/56 MP: 18/18
  8706 | D:6      | Reached skill level 7 in Fighting
  8706 | D:6      | Reached skill level 4 in Evocations
  8833 | D:6      | Reached skill level 1 in Armour
  9225 | D:6      | Noticed Grinder
  9235 | D:6      | Killed Grinder
  9236 | D:6      | Reached skill level 2 in Armour
  9415 | D:6      | Reached skill level 3 in Armour
  9905 | D:7      | Reached skill level 4 in Armour
 10055 | D:7      | Reached * piety under Vehumet
 10055 | D:7      | Offered knowledge of Foxfire by Vehumet.
 10065 | D:7      | Learned a level 2 spell: Passwall
 10161 | D:7      | Found a burning altar of Makhleb.
 10276 | D:7      | Learned a level 1 spell: Foxfire
 10283 | D:7      | Reached skill level 5 in Armour
 10562 | D:8      | Found a staircase to the Lair.
 10571 | D:8      | Noticed a fire dragon
 10800 | D:8      | Reached skill level 8 in Fighting
 11148 | D:8      | Found a shimmering altar of Xom.
 11155 | D:8      | Found an iron altar of Okawaru.
 11155 | D:8      | Found an ancient bone altar of Kikubaaqudgha.
 11157 | D:8      | Found a shimmering blue altar of Sif Muna.
 11188 | D:8      | HP: 14/59 [centaur/arrow (11)]
 11193 | D:8      | HP: 14/59 [centaur/arrow (1)]
 11651 | D:8      | Reached skill level 6 in Armour
 12282 | D:8      | Noticed Maggie
 12291 | D:8      | Killed Maggie
 12292 | D:8      | Reached skill level 7 in Armour
 12292 | D:8      | Reached XP level 10. HP: 51/65 MP: 10/19
 12537 | D:8      | Noticed Maurice
 12544 | D:8      | Killed Maurice
 12545 | D:8      | Reached skill level 9 in Fighting
 12931 | D:8      | HP: 16/66 [fire dragon/blast of flame (32)]
 12937 | D:8      | HP: 11/66 [fire dragon (7)]
 12939 | D:8      | Killed from afar by a fire dragon

Table legend: (Time is in decaauts)
 A = Elapsed time spent in this place.
 B = Non-inter-level travel time spent in this place.
 C = Inter-level travel time spent in this place.
 D = Time resting spent in this place.
 E = Time spent auto-exploring this place.
 F = Levels seen in this place.
 G = Mean time per level.
                   A        B        C        D        E       F      G
               +--------+--------+--------+--------+--------+-----+--------+
         Total |  12995 |  12193 |    802 |   3747 |   6377 |   9 | 1443.9 |
       Dungeon |  12848 |  12099 |    749 |   3747 |   6313 |   8 | 1606.0 |
        Temple |    146 |     93 |     53 |      0 |     64 |   1 |  146.0 |
               +--------+--------+--------+--------+--------+-----+--------+

Top non-repeatable levels by time:
     D:8: 2455 daAuts
     D:6: 2034 daAuts
     D:3: 1729 daAuts
     D:1: 1506 daAuts
     D:5: 1481 daAuts
     D:4: 1460 daAuts
     D:2: 1269 daAuts
     D:7: 909 daAuts
  Temple: 146 daAuts

Table legend:
 A = Kills in this place as a percentage of kills in entire the game.
 B = Kills by you in this place as a percentage of kills by you in the entire game.
 C = Kills by friends in this place as a percentage of kills by friends in the entire game.
 D = Other kills in this place as a percentage of other kills in the entire game.
 E = Experience gained in this place as a percentage of experience gained in the entire game.
 F = Experience gained in this place divided by the number of levels of this place that you have seen.
                   A       B       C       D       E      F
               +-------+-------+-------+-------+-------+----------------------
         Total | 100.0 | 100.0 |   N/A | 100.0 | 100.0 | 612.8
       Dungeon | 100.0 | 100.0 |   N/A | 100.0 | 100.0 | 689.4
               +-------+-------+-------+-------+-------+----------------------

Action                   |  1- 3 |  4- 6 |  7- 9 | 10-12 || total
-------------------------+-------+-------+-------+-------++-------
Melee: Whip              |   142 |   215 |    40 |       ||   397
       Punch             |       |     3 |     3 |     2 ||     8
       Dagger            |       |       |    99 |    34 ||   133
 Cast: Sandblast         |     2 |       |       |       ||     2
       Stone Arrow       |       |     9 |   107 |     7 ||   123
Evoke: Wand              |       |       |    13 |     3 ||    16
  Use: Scroll            |       |     1 |     8 |     6 ||    15
       Potion            |       |       |     1 |     1 ||     2
 Stab: Sleeping          |       |       |     1 |       ||     1
Armor: Robe              |    14 |    13 |   103 |       ||   130
       Chain mail        |   100 |   120 |       |       ||   220
       Acid dragon scale |       |       |     2 |    23 ||    25
Dodge: Dodged            |    58 |   134 |   218 |    42 ||   452

Vanquished Creatures
  Maurice (D:8)
  Maggie (D:8)
  Grinder (D:6)
  Prince Ribbit (D:5)
  An acid dragon (D:8)
  2 orc warriors
  2 sky beasts
  An ice beast (D:8)
  2 black bears (D:7)
  A necrophage (D:7)
  3 centaurs
  An ogre (D:5)
  3 phantoms
  A kobold brigand (D:8)
  2 bullfrogs
  4 scorpions
  A water moccasin zombie (D:5)
  2 bullfrog zombies (D:6)
  3 centaur zombies
  3 hounds
  2 jellies
  2 gnoll shamans (D:6)
  3 orc priests
  A centaur skeleton (D:5)
  Ijyb (D:3)
  2 iguanas
  5 orc wizards
  A killer bee zombie (D:7)
  A hound skeleton (D:4)
  8 gnolls (D:6)
  4 adders
  A shadow imp (D:6)
  A white imp (D:7)
  A worm (D:3)
  4 dart slugs
  33 orcs
  5 endoplasms
  3 giant cockroaches
  10 goblins
  3 hobgoblins (D:1)
  7 jackals
  11 kobolds
  4 quokkas
  9 ball pythons
  6 bats
  5 frilled lizards
  2 rats
171 creatures vanquished.

Vanquished Creatures (others)
  An orc wizard (D:6)
  2 withered plants (D:4)
3 creatures vanquished.

Grand Total: 174 creatures vanquished You could see a fire dragon (catching breath, weak-willed).

Levels and vault maps discovered:
D:1:      dpeg_arrival_water_temple_mockup, layout_basic,
          hellmonk_ecumenical_altar_run_dry
D:2:      layout_loops_corners, serial_co_window_serial, co_window_paths_b,
          co_window_corner_a, co_window_paths_a, co_window_paths_a,
          co_window_paths_a, co_window_cross_4, co_window_of_opportunity_b,
          co_window_corner_cb, co_window_broadway_a, co_window_of_opportunity_c,
          co_window_cross_4, co_window_4corner_a, co_window_paths_e,
          glass_columns_a, glass_columns_c, glass_columns_c, glass_columns_c,
          glass_columns_a, serial_shops, nicolae_shop_stone
D:3:      layout_loops_cross, uniq_ijyb
D:4:      layout_cave_pools, gammafunk_ghost_cemetery, chequers_jeans,
          chequers_serial_rivers_room_a, hangedman_decor_points
D:5:      layout_basic, minmay_hollow_rounded_squares
D:6:      layout_basic, minmay_temple_entry_statues_fountains,
          grunt_decor_clamped, uniq_grinder, uniq_prince_ribbit1
D:7:      layout_basic, mainiacjoe_overflow_alcove_2
D:8:      layout_basic, minitemple, minmay_lair_entry_lava, uniq_maurice,
          uniq_maggie
Temple:   nicolae_temple_hex_pool
